 Dungeon Crawl Stone Soup version 0.17.0-18-gaab0e96 (console) character file.

5 gw the Skirmisher (level 1, 0/18 HPs)
             Began as a Human Abyssal Knight on Nov 11, 2015.
             Was a Follower of Lugonu.
             Slain by a goblin
             ... wielding a +0 club
              (2 damage)
             ... on level 1 of the Dungeon.
             The game lasted 00:00:17 (220 turns).

gw the Skirmisher (Human Abyssal Knight)             Turns: 220, Time: 00:00:18

Health: 0/18       AC:  3    Str: 12    XL:     1   Next: 88%
Magic:  2/2        EV: 11    Int: 12    God:    Lugonu [*.....]
Gold:   0          SH:  0    Dex: 12    Spells: 0 memorised, 0 levels left

rFire  . . .     SeeInvis .     a - +1 spear
rCold  . . .     Clarity  .     b - +0 leather armour
rNeg   . . .     SustAt   .     (no shield)
rPois  .         Gourm    .     (no helmet)
rElec  .         Spirit   .     (no cloak)
rCorr  .         Warding  .     (no gloves)
rMut   .         Stasis   .     (no boots)
MR     .....                    (no amulet)
Stlth  +.........               (no ring)
                                (no ring)

@: not resistant to hostile enchantments, very unstealthy
A: no striking features
a: Depart the Abyss, Renounce Religion


You were on level 1 of the Dungeon.
You worshipped Lugonu.
Lugonu was aware of your devotion.
You were not hungry.

You visited 1 branch of the dungeon, and saw 1 of its levels.
You visited the Abyss 1 time.

Inventory:

Hand Weapons
 a - a +1 spear (weapon)
Missiles
 d - 15 poisoned needles
 e - 30 stones (quivered)
Armour
 b - a +0 leather armour (worn)
Comestibles
 c - a bread ration


   Skills:
 + Level 3.0 Fighting
 * Level 2.3 Polearms
 + Level 0.2 Throwing
 + Level 2.0 Armour
 - Level 1.0 Dodging
 + Level 2.0 Invocations


You couldn't memorise any spells.
You didn't know any spells.

Dungeon Overview and Level Annotations

Branches:
Dungeon (1/15)

Altars:


Message History

MOVING TO (-1,-3) Unknown command.
Unknown command.
Unknown command.
MOVING TO (-1,-2) Unknown command.
Unknown command.
Unknown command.
MOVING TO (0,-1) Unknown command.
Unknown command.
Unknown command.
MOVING TO (-7,3)
The hobgoblin hits you but does no damage.
Unknown command.
Unknown command.
Unknown command.
MOVING TO (-6,3)
The goblin hits you with a club.
You die...

..........# ##.#......#
#.# ..........# #.#......#
#.# ..........#
#.#.##.#...#.# ..........#
#.#.##.#####.# ..........#
#.+.##.......# ..........#
##############
..........########
.PP..............###
.P.7............pg.#
7777...........>.g.#######
7..P...................#
P..P..>.................#
...P....######..........#
.7P.P.. ####.......#
P777.. #.......# 7.
#.......# P. #.#######


You could see a hobgoblin and a goblin.

Table legend:
 A = Turns spent in this place as a percentage of turns spent in the entire game.
 B = Non-inter-level travel turns spent in this place as a percentage of non-inter-level travel turns spent in the entire game.
 C = Inter-level travel turns spent in this place as a percentage of turns spent in this place.
 D = Turns resting spent in this place as a percentage of non-inter-level travel turns spent in this place.
 E = Turns spent auto-exploring this place as a percentage of non-inter-level travel turns spent in this place.
 F = Non-inter-level travel turns spent in this place divided by the number of levels of this place that you've seen.
                   A       B       C       D       E      F
               +-------+-------+-------+-------+-------+----------------------
         Total | 100.0 | 100.0 |   0.0 |   0.0 |   1.6 | 215.0
       Dungeon |  89.5 |  89.5 |   0.0 |   0.0 |   1.6 | 385.0
         Abyss |  10.5 |  10.5 |   0.0 |   0.0 |   2.2 |  45.0
               +-------+-------+-------+-------+-------+----------------------

Table legend:
 A = Kills in this place as a percentage of kills in entire the game.
 B = Kills by you in this place as a percentage of kills by you in the entire game.
 C = Kills by friends in this place as a percentage of kills by friends in the entire game.
 D = Other kills in this place as a percentage of other kills in the entire game.
 E = Experience gained in this place as a percentage of experience gained in the entire game.
 F = Experience gained in this place divided by the number of levels of this place that you have seen.
                   A       B       C       D       E      F
               +-------+-------+-------+-------+-------+----------------------
         Total | 100.0 | 100.0 |  -nan |  -nan | 100.0 |   4.0
       Dungeon | 100.0 | 100.0 |  -nan |  -nan | 100.0 |   8.0
               +-------+-------+-------+-------+-------+----------------------

Vanquished Creatures
  A giant newt (D:1)
  4 jackals (D:1)
5 creatures vanquished.

Notes
Turn   | Place    | Note
--------------------------------------------------------------
     0 | Abyss:1  | gw the Human Abyssal Knight began the quest for the Orb.
     0 | Abyss:1  | Reached XP level 1. HP: 18/18 MP: 2/2
    10 | D:1      | Escaped the Abyss
   220 | D:1      | Slain by a goblin

Action                   || total
-------------------------++-------
Melee: Spear             ||    31
Throw: Stone             ||     3

Vault maps used:
D:1:      minmay_arrival_three_doors, serial_forest, infiniplex_forest_lined_2,
          infiniplex_forest_diagonal, infiniplex_forest_lined_2,
          infiniplex_forest_straight_5, infiniplex_forest_straight_2,
          infiniplex_forest_clump_double, infiniplex_forest_clump_double,
          infiniplex_forest_end_2, infiniplex_forest_end_2
Abyss:1:  hangedman_steaming_rock
